 Dungeon Crawl Stone Soup version 0.28.0 (webtiles) character file.

Game seed: 15312344130084530582

1299 pkoi the Destroyer (level 8, 0/57 HPs)
             Began as a White Draconian Conjurer on Feb 8, 2022.
             Was an Initiate of Sif Muna.
             Slain by a hornet zombie (7 damage)
             ... on level 6 of the Dungeon.
             The game lasted 00:09:06 (7132 turns).

pkoi the Destroyer (White Draconian Conjurer)       Turns: 7132, Time: 00:09:07

Health: 0/57       AC: 10    Str: 16    XL:     8   Next: 31%
Magic:  9/12       EV: 12    Int: 21    God:    Sif Muna [......]
Gold:   280        SH:  0    Dex:  9    Spells: 6/13 levels left

rFire   . . .      SeeInvis .   p - +1 short sword (venom)
rCold   + . .      Faith    .   (no shield)
rNeg    . . .      Spirit   .   (armour unavailable)
rPois   .          Reflect  .   (helmet restricted)
rElec   .          Harm     .   (no cloak)
rCorr   .          Rampage  .   (no gloves)
Will    .....                   (no boots)
Stlth   ++........              (no amulet)
HPRegen 0.19/turn               l - +4 ring of protection
MPRegen 0.13/turn               e - +6 ring of strength

@: no status effects
A: breathe frost, AC +6, unfitting armour, cold resistance 1, cold-blooded
a: Breathe Frost, Renounce Religion


You were on level 6 of the Dungeon.
You worshipped Sif Muna.
Sif Muna was noncommittal.
You visited 1 branch of the dungeon, and saw 6 of its levels.

You collected 280 gold pieces.

Inventory:

Hand Weapons
 j - a +0 short sword
 p - a +1 short sword of venom (weapon)
Missiles
 a - 4 javelins
Jewellery
 e - a +6 ring of strength (right hand)
 f - a ring of positive energy
 h - a ring of willpower
 l - a +4 ring of protection (left hand)
Wands
 i - a wand of paralysis (6)
 n - a wand of digging (5)
 o - a wand of flame (13)
Scrolls
 b - a scroll of blinking
 g - 2 scrolls of identify
 m - a scroll of amnesia
Potions
 c - a potion of heal wounds
 q - a potion of cancellation {unknown}
 r - a potion of invisibility
 s - a potion of attraction {unknown}
 t - a potion of flight {unknown}


   Skills:
 - Level 1.7 Dodging
 - Level 1.7 Stealth
 - Level 3.0 Spellcasting
 + Level 9.1 Conjurations
 + Level 4.9 Translocations
 + Level 1.7 Invocations


You had 6 spell levels left.
You knew the following spells:

 Your Spells              Type           Power      Damage    Failure   Level
a - Magic Dart            Conj           100%       1d8       1%          1
b - Searing Ray           Conj           82%        2d7       1%          2
c - Iskenderun's Mystic   Conj/Tloc      32%        2d8       8%          4

Your spell library contained the following spells:

 Spells                   Type           Power      Damage    Failure   Level
 Dazzling Flash           Conj/Hex       44%        N/A       6%          3
 Fulminant Prism          Conj/Hex       11%        3d9       21%         4


Dungeon Overview and Level Annotations

Branches:
Dungeon (6/15)
 Temple: D:4-7

Altars:
Ashenzari
Sif Muna
The Shining One

Shops:
D:5 [

Annotations:
D:6 Menkaure


Innate Abilities, Weirdness & Mutations

You can breathe waves of freezing cold which knock back foes.
Your icy white scales are hard. (AC +6)
You cannot fit into any form of body armour.
Your flesh is cold resistant. (rC+)
You are cold-blooded and may be slowed by cold attacks.


Message History

Gang up on whom?
Press: ? - help, Dir - move target, f - hornet zombie
Aim: a hornet zombie (lightly damaged, ally target) Attack!
The hornet zombie hits your sky beast!
Your orc completely misses the hornet zombie.
Your sky beast hits the hornet zombie but does no damage.
Unknown command.
The hornet zombie misses your sky beast.
Your orc hits the hornet zombie but does no damage.
Your sky beast barely misses the hornet zombie.
The hornet zombie hits your sky beast! The hornet zombie hits your sky beast!
Your sky beast dies!
Your sky beast's corpse dissolves into shadows!
Your orc hits the hornet zombie but does no damage.
You hit the hornet zombie.
The hornet zombie is lightly damaged.
The hornet zombie misses you.
Your orc hits the hornet zombie with a +0 club.
The hornet zombie barely misses you.
You hit the hornet zombie.
The hornet zombie is moderately damaged.
The hornet zombie hits you but does no damage.
Your orc hits the hornet zombie with a +0 club.
Unknown command.
You hit the hornet zombie but do no damage.
Your tail-slap misses the hornet zombie.
The hornet zombie is moderately damaged.
The hornet zombie hits you but does no damage.
Your orc closely misses the hornet zombie.
You hit the hornet zombie but do no damage.
Your tail-slap misses the hornet zombie.
The hornet zombie is moderately damaged.
The hornet zombie barely misses you. x2
Your orc closely misses the hornet zombie.
Unknown command.
You hit the hornet zombie but do no damage.
The hornet zombie is moderately damaged.
The hornet zombie hits you!
You die...

#o.###....). #......##...
######.###....... #...)..#
#####... #####.######*****#...
#######.....# *,,,.....
#....)).#####**####.*###...
##.############......,,,..##
###..########@Zooo#*,,***###*.
#.............###o...#* ***,
##...###########**,#### ***,,,
**#..### *,,,* *,,,** #.....#
*,*** *,*** #?....#
*,*********,* #.....#
*******,*,,,,,,**,* #.....#
*,,,,,,,****,,,**,* #.....#
*,*******,,,,,,,,,****


You could see a hornet zombie (ally target) and 4 friendly orcs.

Vanquished Creatures
  Pikel (D:5)
  An orc warrior (D:6)
  2 ogres (D:5)
  4 lemures (D:5)
  A scorpion (D:5)
  A centaur skeleton (D:2)
  3 hounds
  A jelly (D:5)
  An orc priest (D:6)
  A bullfrog skeleton (D:6)
  2 orc wizards
  Ijyb (D:5)
  2 iguanas (D:4)
  3 gnolls
  3 adders
  A white imp (D:5)
  2 ufetubi
  4 dart slugs
  12 orcs
  2 ball pythons (D:1)
  7 endoplasms
  4 giant cockroaches
  3 goblins
  8 hobgoblins
  3 jackals (D:2)
  6 quokkas
  2 bats
  6 frilled lizards
  5 kobolds
  5 rats
97 creatures vanquished.

Vanquished Creatures (collateral kills)
  A hound skeleton (D:4)
  A ball python (D:4)
2 creatures vanquished.

Grand Total: 99 creatures vanquished

Notes
Turn   | Place    | Note
-------+----------+-------------------------------------------
     0 | D:1      | pkoi the Draconian Conjurer began the quest for the Orb.
     0 | D:1      | Reached XP level 1. HP: 14/14 MP: 3/3
   268 | D:1      | Reached XP level 2. HP: 20/20 MP: 0/5
   572 | D:1      | Found a faded altar of an unknown god.
  1350 | D:2      | Reached XP level 3. HP: 26/26 MP: 2/6
  1692 | D:2      | Reached skill level 5 in Conjurations
  1858 | D:2      | Learned a level 2 spell: Searing Ray
  1988 | D:2      | Reached XP level 4. HP: 33/33 MP: 3/8
  2875 | D:3      | Learned a level 4 spell: Iskenderun's Mystic Blast
  3004 | D:3      | Reached XP level 5. HP: 38/38 MP: 5/9
  3555 | D:4      | Reached skill level 6 in Conjurations
  3555 | D:4      | Reached skill level 1 in Translocations
  3800 | D:4      | Found a glowing golden altar of the Shining One.
  3802 | D:4      | Found a broken altar of Ashenzari.
  3839 | D:4      | Reached XP level 6. HP: 44/45 MP: 4/10
  4226 | D:4      | Found a shimmering blue altar of Sif Muna.
  4341 | D:4      | Became a worshipper of Sif Muna the Loreminder
  4519 | D:5      | Entered Level 5 of the Dungeon
  4748 | D:5      | Reached skill level 7 in Conjurations
  5046 | D:5      | Your scales start taking on an icy white colour.
  5046 | D:5      | Reached XP level 7. HP: 50/50 MP: 9/11
  5046 | D:5      | Gained mutation: Your flesh is cold resistant. (rC+) [White
                  | Draconian growth]
  5231 | D:5      | Found Goleapti's Antique Armour Shoppe.
  5721 | D:5      | Noticed Ijyb
  5732 | D:5      | Killed Ijyb
  6254 | D:5      | Noticed Pikel
  6274 | D:5      | Killed Pikel
  6275 | D:5      | Reached skill level 8 in Conjurations
  6275 | D:5      | Reached XP level 8. HP: 21/57 MP: 1/12
  6803 | D:6      | Noticed Menkaure
  7041 | D:6      | Reached skill level 9 in Conjurations
  7046 | D:6      | Reached skill level 1 in Invocations
  7132 | D:6      | Slain by a hornet zombie

Illustrated notes

Levels and vault maps discovered:
D:1:      dpeg_arrival_connections, layout_basic,
          hellmonk_ecumenical_altar_inner_sanctum
D:2:      layout_basic
D:3:      layout_loops_cross, minmay_misc_feat_rugged
D:4:      layout_cave_pools, tgw_sif, jmf_multi_god_temple
D:5:      layout_basic, serial_shops, nicolae_shop_waterfront,
          minmay_misc_feat_plants, kennysheep_generic_room_10, uniq_ijyb,
          uniq_pikel
D:6:      layout_rooms, lightli_temple_of_fire, enter_ossuary_2, uniq_grinder,
          uniq_menkaure

Skill      XL: |  1  2  3  4  5  6  7  8 |
---------------+-------------------------+-----
Conjurations   | 5 6 7 8 9 |  9.1
Spellcasting   | 3 |  3.0
Translocations | 1 2 4 |  4.9
Invocations    | 1 |  1.7
Dodging        | |  1.7
Stealth        | |  1.7

Action                   |  1- 3 |  4- 6 |  7- 9 || total
-------------------------+-------+-------+-------++-------
Melee: Short sword       |    15 |     6 |    42 ||    63
       Tailslap          |     4 |       |     2 ||     6
       Unarmed           |     1 |       |       ||     1
 Cast: Magic Dart        |    69 |    74 |    24 ||   167
       Searing Ray       |       |     9 |    15 ||    24
 Abil: Breathe Frost     |       |       |     2 ||     2
  Use: Scroll            |       |    10 |     3 ||    13
       Potion            |       |     3 |       ||     3
 Stab: Distracted        |       |     1 |       ||     1
Armor: Skin              |    18 |     2 |    29 ||    49
Dodge: Dodged            |    26 |    12 |    34 ||    72
